 Dungeon Crawl Stone Soup version 0.25.1-11-g244df3a29b (webtiles) character file.

Game seed: 18261756263834841841

375 DeepDeath the Poker (level 7, -1/50 HPs)
             Began as a Formicid Gladiator on Dec 24, 2023.
             Killed by divine providence
             ... invoked by an orc priest
              (13 damage)
             ... on level 4 of the Dungeon.
             The game lasted 00:08:11 (3244 turns).

DeepDeath the Poker (Formicid Gladiator)            Turns: 3244, Time: 00:08:12

Health: -1/50      AC:  7    Str: 20    XL:     7   Next: 3%
Magic:  7/7        EV: 12    Int:  7    God:
Gold:   220        SH:  0    Dex: 13    Spells: 6/6 levels left

rFire    . . .     SeeInvis +   w - +4 spear
rCold    . . .     Gourm    .   (no shield)
rNeg     . . .     Faith    .   b - +0 leather armour
rPois    .         Spirit   .   (helmet unavailable)
rElec    .         Reflect  .   j - +0 cloak
rCorr    .         Harm     .   v - +2 pair of gloves
MR       .....                  (no boots)
Stlth    +.........             (no amulet)
HPRegen  0.16/turn              (no ring)
MPRegen  0.10/turn              (no ring)

@: no status effects
A: permanent stasis, dig shafts and tunnels, four strong arms, antennae 3
a: Dig, Shaft Self


You were on level 4 of the Dungeon.
You were not hungry.

You visited 1 branch of the dungeon, and saw 4 of its levels.

You collected 220 gold pieces.

Inventory:

Hand Weapons
 a - a +0 quarterstaff
 w - a +4 spear (weapon)
 x - a +0 halberd
 C - a +1 spear of venom
Missiles
 c - 2 throwing nets
 g - 171 stones
 k - 30 poisoned darts (quivered)
 r - 35 bolts
 u - 69 arrows
Armour
 b - a +0 leather armour (worn)
 j - a +0 cloak (worn)
 v - a +2 pair of gloves (worn)
Jewellery
 y - an uncursed ring of resist corrosion {unknown}
Wands
 B - a wand of acid (5)
Scrolls
 i - a scroll of amnesia
 l - 2 scrolls of magic mapping
 m - 2 scrolls of fear
 z - a scroll of noise
 A - a scroll of identify
Potions
 e - 4 potions of curing {unknown}
 f - a potion of lignification {unknown}
 h - 2 potions of heal wounds {unknown}
 n - a potion of flight {unknown}
 o - 2 potions of might {unknown}
 p - 5 potions of stabbing {unknown}
 q - a potion of magic {unknown}
 s - a potion of brilliance {unknown}
 t - a potion of cancellation {unknown}
 D - a potion of ambrosia {unknown}
Comestibles
 d - 5 rations


   Skills:
 - Level 2.1 Fighting
 + Level 5.9(6.4) Polearms
 - Level 3.7(5.3) Staves
 - Level 2.0 Throwing
 - Level 1.3 Armour
 - Level 2.6 Dodging


You had 6 spell levels left.
You didn't know any spells.
Your spell library contained the following spells:

 Spells                   Type           Power        Failure   Level  Hunger
 Animate Skeleton         Necr           N/A          50%         1    ##.....
 Pain                     Necr           #...         50%         1    ##.....
 Vampiric Draining        Necr           #.........   86%         3    ####...
 Animate Dead             Necr           N/A          99%         4    #####..
 Agony                    Necr           #.......     100%        5    ######.


Dungeon Overview and Level Annotations

Branches:
Dungeon (4/15)
 Temple: D:4-7

Altars:
Dithmenos

Shops:
D:4 (


Innate Abilities, Weirdness & Mutations

You cannot be hasted, slowed, berserked, paralysed or teleported.
You can dig through walls and to a lower floor.
Your four strong arms can wield two-handed weapons with a shield.
You have a pair of large antennae on your head. (SInv)


Message History

The worker ant twitches its antennae in your direction.
You hit the orc priest.
The orc priest is severely wounded.
The orc priest barely misses you.
The orc priest mumbles some strange prayers to Beogh against you.
Beogh smites you!
You completely miss the orc priest.
The orc priest is severely wounded.
You closely miss the orc priest.
The orc priest is almost dead.
The orc priest hits you but does no damage.
You closely miss the orc priest.
The orc priest is almost dead.
The orc priest misses you.
The orc priest invokes the aid of Beogh against you.
Beogh smites you!
* * * LOW HITPOINT WARNING * * *
The orc priest mumbles some strange prayers to Beogh against you.
Beogh smites you!
You die...

##### #...#
###...###########
#.....@..oohoa.((
#######.#...##########.
#.....#.#...#
#####.###.#.#...#
....#.###...######.#
....................
###...############.#
.###### .# #


You could see a hound, a worker ant, 2 orc priests and an orc.

Vanquished Creatures
  An ogre (D:4)
  A howler monkey (D:4)
  2 orc priests (D:4)
  6 gnolls
  7 adders
  2 worms
  4 dart slugs
  A leopard gecko (D:1)
  4 orcs
  2 ball pythons (D:2)
  6 giant cockroaches
  5 goblins
  6 hobgoblins
  4 kobolds
  2 quokkas (D:3)
  5 bats
  7 rats
65 creatures vanquished.

Notes
Turn   | Place    | Note
-------+----------+-------------------------------------------
     0 | D:1      | DeepDeath the Formicid Gladiator began the quest for the
                  | Orb.
     0 | D:1      | Reached XP level 1. HP: 16/16 MP: 1/1
   176 | D:1      | Reached XP level 2. HP: 17/22 MP: 2/2
   288 | D:1      | Reached skill level 1 in Armour
   615 | D:1      | Reached XP level 3. HP: 27/27 MP: 3/3
  1240 | D:2      | Reached skill level 1 in Polearms
  1536 | D:2      | Reached skill level 2 in Polearms
  1536 | D:2      | Reached XP level 4. HP: 20/33 MP: 4/4
  1887 | D:3      | Found a shadowy altar of Dithmenos.
  1964 | D:3      | Reached skill level 3 in Polearms
  2046 | D:3      | Reached XP level 5. HP: 38/38 MP: 5/5
  2524 | D:3      | Reached skill level 4 in Polearms
  2856 | D:4      | Found Rupluc's Weapon Emporium.
  2954 | D:4      | Reached XP level 6. HP: 34/44 MP: 6/6
  3053 | D:4      | Noticed an ogre
  3067 | D:4      | Killed an ogre
  3067 | D:4      | Reached skill level 5 in Polearms
  3235 | D:4      | Reached XP level 7. HP: 40/50 MP: 7/7
  3244 | D:4      | Killed from afar by an orc priest

Illustrated notes

Levels and vault maps discovered:
D:1:      lordsloth_arrival_two_stooges, layout_basic
D:2:      layout_loops_ring, kennysheep_boxes
D:3:      layout_basic, first_ration, grunt_dithmenos_smoke
D:4:      layout_basic, serial_shops, shop, nrook_mini_vaults,
          kennysheep_generic_room_6

Skill      XL: |  1  2  3  4  5  6 |
---------------+-------------------+-----
Armour         | 1 |  1.3
Polearms       | 2 3 4 5 |  5.9
Fighting       | |  2.1
Staves         | |  3.7
Throwing       | |  2.0
Dodging        | |  2.6

Action                   |  1- 3 |  4- 6 |  7- 9 || total
-------------------------+-------+-------+-------++-------
Melee: Quarterstaff      |    43 |       |       ||    43
       Spear             |    47 |   110 |     5 ||   162
Throw: Throwing net      |     1 |     2 |       ||     3
       Dart              |       |    27 |     1 ||    28
       Stone             |       |     1 |       ||     1
  Use: Scroll            |     5 |     5 |       ||    10
 Stab: Sleeping          |     1 |     3 |       ||     4
  Eat: Chunk             |     2 |     5 |       ||     7
Armor: Leather armour    |    20 |    18 |     2 ||    40
Dodge: Dodged            |    45 |    38 |     2 ||    85
